 Dungeon Crawl Stone Soup version 0.31-a0-221-gbddc013574 (webtiles) character file.

Game seed: 1990330309811801142

90 porpoise the Sneak (level 4, -4/30 HPs)
             Began as a Merfolk Enchanter on July 5, 2023.
             Slain by Crazy Yiuf
             ... wielding a +4 quarterstaff of chaos
              (10 damage)
             ... on level 3 of the Dungeon.
             The game lasted 00:07:39 (1988 turns).

porpoise the Sneak (Merfolk Enchanter)              Turns: 1988, Time: 00:07:40

Health: -4/30      AC:  2    Str:  8    XL:     4   Next: 56%
Magic:  3/8        EV: 12    Int: 16    God:
Gold:   56         SH:  0    Dex: 14    Spells: 3/8 levels left

rFire   . . .        a - +1 dagger
rCold   . . .        p - orb {guile}
rNeg    . . .        n - +0 robe
rPois   .            (no helmet)
rElec   .            (no cloak)
rCorr   .            (no gloves)
SInv    .            (no boots)
Will    .....        k - amulet of the acrobat
Stlth   +++          (no ring)
HPRegen 0.25/turn    (no ring)
MPRegen 0.11/turn

%: acrobat
@: no status effects
A: (nimble swimmer 2), mertail
a: no special abilities


You were on level 3 of the Dungeon.
You visited 1 branch of the dungeon, and saw 3 of its levels.

You collected 90 gold pieces.
You spent 34 gold pieces at shops.

Inventory:

Hand Weapons
 a - a +1 dagger (weapon)
 b - a +0 sling
Missiles
 o - 4 javelins
Armour
 m - a +0 buckler
 n - a +0 robe (worn)
 p - an orb of guile (worn)
Magical Staves
 q - a staff of air
Jewellery
 k - an amulet of the acrobat (around neck)
Wands
 s - a wand of light (12)
Scrolls
 d - a scroll of torment {unknown}
 g - a scroll of teleportation {unknown}
 h - a scroll of vulnerability
 i - a scroll of blinking {unknown}
Potions
 c - 2 potions of invisibility
 e - a potion of heal wounds
 f - a potion of mutation
 j - a potion of lignification
 l - a potion of resistance
 r - 3 potions of curing {unknown}


   Skills:
 - Level 1.2 Short Blades
 - Level 2.6 Dodging
 + Level 4.1 Stealth
 + Level 2.7 Spellcasting
 - Level 3.1 Hexes
 * Level 2.7 Ice Magic


You had 3 spell levels left.
You knew the following spells:

 Your Spells              Type           Power      Damage    Failure   Level
a - Confusing Touch       Hex            12%        N/A       16%         3
e - Ensorcelled Hibernat  Hex/Ice        22%        N/A       9%          2

Your spell library contained the following spells:

 Spells                   Type           Power      Damage    Failure   Level
 Tukima's Dance           Hex            12%        N/A       16%         3
 Cigotuvi's Dreadful Rot  Necr/Pois/Air  4%         N/A       28%         2
 Dazzling Flash           Conj/Hex       14%        N/A       30%         3
 Ignite Poison            Fire/Tmut/Pois 2%         N/A       50%         3
 Spider Form              Tmut/Pois      2%         N/A       50%         3
 Anguish                  Hex/Necr       3%         N/A       69%         4
 Freezing Cloud           Conj/Ice/Air   2%         6-21      98%         5


Dungeon Overview and Level Annotations

Branches:
Dungeon (3/15)

Altars:
Gozag

Shops:
D:1 !*=?

Annotations:
D:3 3 runed translucent doors, Crazy Yiuf; ZoeForever1's ghost, amateur DrTm


Innate Abilities, Weirdness & Mutations

((You are very nimble when in or above water. (Stealth+, EV+, Speed+++)))
Your lower body shifts to a powerful aquatic tail in water.


Message History

You hit the endoplasm.
The endoplasm is lightly wounded.
The endoplasm hits you but does no damage.
You completely miss the endoplasm.
The endoplasm is lightly wounded.
The endoplasm hits you.
You hit the endoplasm.
The endoplasm is severely wounded.
The endoplasm freezes you.
You are frozen.
You hit the endoplasm.
You kill the endoplasm!
The helpless hobgoblin fails to defend itself.
You puncture the hobgoblin!
You kill the hobgoblin!
No target in view!
s - a wand of light (12)
r - 3 glowing purple potions (gained 2)
Found 4 stones.
You see here 4 stones.
Found a stone staircase leading down.
Found a hammer.
Found a runed translucent door.
As you open the door, it creaks loudly!
Crazy Yiuf drinks a potion.
Crazy Yiuf flickers and vanishes!
Deactivating autopickup; reactivate with Ctrl-A.
There is an open translucent door here.
Something misses you.
You barely miss something. Something hits you.
You feel your power leaking away.
Casting: Ensorcelled Hibernation (safe; 9% risk of failure)
Confirm with . or Enter, or press ? or * to list all spells.
Aiming: Ensorcelled Hibernation (safe; 9% risk of failure)
Press: ? - help, Shift-Dir - straight line Nothing appears to happen.
You barely miss something.
You hear a shout!
Something hits you! Something freezes you.
* * * LOW HITPOINT WARNING * * *
You closely miss something. Something hits you!
You die...

###.# #.#......##.8.##..♣
####...#####...#.....#####>..♣♣♣♣
........)..........### .....
...........######### #..##
...........# #...## ....†...####
♣♣♣♣♣###.#... ........#
#####♣♣♣.♣...#..###. ........###
#...#♣..♣.......##.. #..####...##
#.{@'.♣♣♣♣.......... #.## ###..#
#)..#♣♣ ♣♣..#...... #.# ##.#
##### ♣♣####.... ..# #.# ##....#
.## ##.# #...#.. .# ##<.#
##############..###.
.#######...###.............###...
.##.........##...........#.##..##
###.##...##.##...........#.##.###


There were no monsters in sight!

Vanquished Creatures
  A jelly (D:3)
  An adder (D:2)
  A worm (D:2)
  A ball python (D:3)
  8 endoplasms
  2 giant cockroaches
  5 hobgoblins
  3 jackals (D:2)
  A quokka (D:2)
  7 bats
  2 frilled lizards
  2 goblins (D:1)
  5 kobolds
  4 rats (D:1)
43 creatures vanquished.

Notes
Turn   | Place    | Note
-------+----------+-------------------------------------------
     0 | D:1      | porpoise the Merfolk Enchanter began the quest for the Orb.
     0 | D:1      | Reached XP level 1. HP: 13/13 MP: 3/3
    48 | D:1      | Found a faded altar of an unknown god.
   186 | D:1      | Reached XP level 2. HP: 17/19 MP: 5/5
   189 | D:1      | Learned a level 2 spell: Ensorcelled Hibernation
   371 | D:1      | Found Haopiraown's Assorted Antiques.
   384 | D:1      | Reached skill level 1 in Ice Magic
   385 | D:1      | Bought a scroll labelled QUTSAXZOSI for 18 gold pieces
   441 | D:1      | Found Daomnatt's Jewellery Emporium.
   497 | D:1      | Found Odasig's Magic Scroll Shop.
   530 | D:1      | Bought a viscous cyan potion for 16 gold pieces
   601 | D:1      | Found Nuanycidgh's Distillery.
   711 | D:2      | Reached XP level 3. HP: 24/24 MP: 6/6
  1363 | D:2      | Learned a level 3 spell: Confusing Touch
  1715 | D:3      | Reached skill level 4 in Stealth
  1731 | D:3      | Reached XP level 4. HP: 30/30 MP: 6/8
  1770 | D:3      | Found a runed translucent gate.
  1770 | D:3      | Found a runed translucent gate.
  1770 | D:3      | Found a runed translucent gate.
  1772 | D:3      | Found an opulent altar of Gozag.
  1777 | D:3      | Noticed ZoeForever1's ghost (amateur DrTm)
  1777 | D:3      | Noticed a bullfrog
  1978 | D:3      | Found a runed translucent door.
  1979 | D:3      | Noticed Crazy Yiuf
  1988 | D:3      | Slain by Crazy Yiuf

Illustrated notes

Levels and vault maps discovered:
D:1:      lightli_arrival_windingriver, layout_basic, serial_shops, shop, shop,
          nicolae_shop_peninsula, shop, shapermc_ecumenical_altar_totnotflames
D:2:      layout_loops_ring
D:3:      layout_rooms, ebering_ghost_gozag, corexii_leaking_fountain,
          nrook_campfire, uniq_crazy_yiuf_cottage

Skill      XL: |  1  2  3 |
---------------+----------+-----
Ice Magic      | 1 2 |  2.7
Stealth        | 4 |  4.1
Short Blades   | |  1.2
Dodging        | |  2.6
Spellcasting   | |  2.7
Hexes          | |  3.1

Action                     |  1- 3 |  4- 6 || total
---------------------------+-------+-------++-------
  Melee: Dagger            |   159 |     8 ||   167
         Punch             |     2 |       ||     2
   Cast: Ensorcelled Hiber |     3 |     1 ||     4
    Use: Scroll            |     5 |       ||     5
   Stab: Sleeping          |     8 |     1 ||     9
 Armour: Robe              |    32 |     1 ||    33
  Dodge: Dodged            |   107 |     1 ||   108

Table legend: (Time is in decaauts)
 A = Elapsed time spent in this place.
 B = Non-inter-level travel time spent in this place.
 C = Inter-level travel time spent in this place.
 D = Time resting spent in this place.
 E = Time spent auto-exploring this place.
 F = Levels seen in this place.
 G = Mean time per level.
                   A        B        C        D        E       F      G
               +--------+--------+--------+--------+--------+-----+--------+
         Total |   1971 |   1927 |     44 |    438 |   1058 |   3 |  657.0 |
       Dungeon |   1971 |   1927 |     44 |    438 |   1058 |   3 |  657.0 |
               +--------+--------+--------+--------+--------+-----+--------+

Top non-repeatable levels by time:
     D:2: 844 daAuts
     D:1: 756 daAuts
     D:3: 370 daAuts
